AoeStats
← BottleDry

African Clearing

506232074Analyzed
4v4 RM · 20d ago on Sep 12, 2026· 46m 47s· 8 players
Game mode
Random Map
Map size
Large (8 player)
Population
200
Speed
Normal
Resources
Standard
Victory
Conquest
Starting age
Dark Age
Ending age
Imperial Age
RankedLock teamsTeams togetherTeam positionsShared explorationLock speedFull tech treeHidden civsTurbo modeCheats
Victory
Defeat
🇨🇳 Vietnamese · China
963
+13
🇨🇭 Mongols · Switzerland
957
+13
🇪🇸 Malians · Spain
843
+18
🇫🇷 Gurjaras · France
825
+18
🇺🇸 Spanish · United States
906
-16
🇧🇷 Khmer · Brazil
893
-16
🇧🇷 Japanese · Brazil
870
-15
🇲🇽 Byzantines · Mexico
863
-15
BottleDry
5:30 Loom
15:39 Feudal Age
16:39 Double-Bit Axe
19:33 Bloodlines
19:28 Padded Archer Armor
22:09 Castle Age
21:52 Stone Mining
21:56 Gold Mining
23:13 Husbandry
23:23 Bloodlines
27:30 Fletching
30:13 Bodkin Arrow
31:00 Forging
32:07 Horse Collar
33:15 Padded Archer Armor
36:11 Bow Saw
38:40 Leather Archer Armor
39:03 Heavy Plow
40:41 Fervor
40:52 Sanctity
41:41 Wheelbarrow
42:38 Inquisition
45:56 Scale Barding Armor
46:26 Iron Casting
JUANITO_METEORO
9:59 Loom
16:34 Feudal Age
24:46 Castle Age
24:11 Wheelbarrow
23:49 Fletching
25:32 Crossbowman
27:23 Thumb Ring
29:59 Bodkin Arrow
33:13 Horse Collar
34:30 Forging
39:15 Murder Holes
42:07 Imperial Age
40:46 Padded Archer Armor
40:12 Elite Skirmisher
41:59 Heavy Plow
43:29 Gold Mining
43:30 Stone Mining
43:04 Arbalester
43:39 Double-Bit Axe
ERJ1919
4:20 Loom
15:50 Feudal Age
27:48 Castle Age
| LEON | SAPULHA
4:50 Loom
18:18 Feudal Age
18:31 Man-at-Arms
20:21 Scale Mail Armor
29:49 Castle Age
30:09 Pikeman
30:53 Squires
34:15 Double-Bit Axe
Salmanassar V
13:50 Feudal Age
13:40 Loom
20:49 Castle Age
26:58 Wheelbarrow
37:27 Horse Collar
37:50 Light Cavalry
38:41 Bloodlines
38:32 Husbandry
44:06 Scale Barding Armor
44:12 Forging
44:52 Hand Cart
48:07 Imperial Age
goultard
15:49 Feudal Age
16:52 Horse Collar
18:48 Stone Mining
19:29 Town Watch
21:53 Bloodlines
26:07 Wheelbarrow
29:53 Castle Age
28:13 Forging
28:09 Scale Barding Armor
32:39 Husbandry
35:35 Wheelbarrow
34:46 Loom
38:33 Iron Casting
37:49 Fletching
38:21 Chain Barding Armor
40:26 Double-Bit Axe
41:04 Heavy Plow
41:40 Bow Saw
41:25 Gold Mining
42:13 Stone Shaft Mining
46:51 Imperial Age
Pelanuski
5:22 Loom
16:43 Feudal Age
23:35 Castle Age
23:50 Wheelbarrow
24:22 Bloodlines
24:30 Double-Bit Axe
24:28 Horse Collar
25:19 Husbandry
26:55 Treadmill Crane
27:38 Ballistics
29:48 Scale Barding Armor
29:44 Scale Mail Armor
30:16 Hand Cart
29:47 Town Watch
31:58 Squires
32:13 Forging
32:30 Murder Holes
35:13 Fletching
35:35 Bow Saw
35:28 Heavy Plow
38:43 Masonry
42:17 Thumb Ring
41:33 Crossbowman
45:05 Imperial Age
43:40 Town Patrol
44:29 Iron Casting
43:50 Bodkin Arrow
47:05 Chain Barding Armor
47:22 Crop Rotation
47:28 Conscription
Mr.Young
3:45 Loom
16:01 Feudal Age
20:41 Castle Age
19:28 Double-Bit Axe
20:38 Horse Collar
36:29 Imperial Age
39:16 Padded Archer Armor
39:45 Elite Skirmisher
41:04 Bow Saw
41:56 Imperial Skirmisher
45:23 Bloodlines
44:33 Light Cavalry
45:56 Elite Fire Lancer
Connection lost

Rejoining the realm…

Still unreachable

The connection could not be restored.

Session expired

The server has moved on; the page needs a fresh start.